NWL (28 & UNDER)
SAN DIEGO SMASHERS @ RED DEER WRANGLERS
09/07/2030
 
TOP OF THE 1ST
San Diego Smashers batting - Pitching for Red Deer Wranglers : RHP Sloan Numbers
Pitching: RHP Sloan Numbers
Batting: RHB Manny Torrez 0-0: Called Strike
0-1: Foul Ball, location: 2F
0-2: Ball
1-2: Ball
2-2: Ball
3-2: Fly out, F8 (Flyball, 78M)
Batting: RHB Gonzalo García 0-0: SINGLE (Groundball, 25) (infield hit)
Batting: LHB Vernon Hill 0-0: Swinging Strike
0-1: Ball
1-1: Ball
2-1: Called Strike
2-2: Fly out, F7 (Flyball, 7)
Batting: LHB Steven Smith 0-0: Ball
1-0: Foul Ball, location: 2F
1-1: Ball
2-1: Called Strike
2-2: Ball
3-2: SINGLE (Line Drive, 78S)
Gonzalo García to second
Gonzalo García to third
Batting: LHB Jon Rogers 0-0: Ball
1-0: Ball
2-0: Ball
3-0: Called Strike
3-1: Foul Ball, location: 2F
3-2: Base on Balls
Steven Smith to second
Batting: RHB Ray Rogers 0-0: SINGLE (Groundball, 34S) (infield hit)
Gonzalo García scores
Steven Smith to third
Jon Rogers to second
Batting: LHB Richard Brooks 0-0: Ball
1-0: Ball
2-0: Ball
3-0: Called Strike
3-1: Ground out 4-3 (Groundball, 4)
Top of the 1st over - 1 run, 3 hits, 0 errors, 3 left on base; San Diego 1 - Red Deer 0
BOTTOM OF THE 1ST
Red Deer Wranglers batting - Pitching for San Diego Smashers : RHP Alberto Reyes
Pitching: RHP Alberto Reyes
Batting: LHB Francisco Blanco 0-0: Ball
1-0: Ball
2-0: Ball
3-0: Foul Ball, location: 2F
3-1: Called Strike
3-2: Foul Ball, location: 2F
3-2: Foul Ball, location: 2F
3-2: Strikes out swinging
Batting: LHB Rubén Salazar 0-0: Fly out, F8 (Flyball, 8RD)
Batting: RHB Pedro Cabrera 0-0: Ball
1-0: Ball
2-0: Called Strike
2-1: Ground out U3 (Groundball, 34S)
Bottom of the 1st over - 0 runs, 0 hits, 0 errors, 0 left on base; San Diego 1 - Red Deer 0
TOP OF THE 2ND
San Diego Smashers batting - Pitching for Red Deer Wranglers : RHP Sloan Numbers
Batting: LHB Nick Hill 0-0: Fly out, F7 (Flyball, 78M)
Batting: RHB Sean Smith 0-0: Ball
1-0: Foul Ball, location: 2F
1-1: Swinging Strike
1-2: Strikes out swinging
Batting: RHB Manny Torrez 0-0: Called Strike
0-1: Ball
1-1: Ball
2-1: Ground out 5-3 (Groundball, 56)
Top of the 2nd over - 0 runs, 0 hits, 0 errors, 0 left on base; San Diego 1 - Red Deer 0
BOTTOM OF THE 2ND
Red Deer Wranglers batting - Pitching for San Diego Smashers : RHP Alberto Reyes
Batting: LHB Jorge Olvera 0-0: Foul Ball, location: 2F
0-1: Ball
1-1: Foul Ball, location: 2F
1-2: SOLO HOME RUN (Flyball, 89XD), Distance : 375 ft
Batting: RHB Rijk de Rade 0-0: Ball
1-0: Foul Ball, location: 2F
1-1: Swinging Strike
1-2: Foul Ball, location: 2F
1-2: Strikes out swinging
Batting: RHB Joe Wiggs 0-0: Swinging Strike
0-1: Called Strike
0-2: Ball
1-2: Strikes out swinging
Batting: RHB Allen Brown 0-0: Called Strike
0-1: Ball
1-1: Called Strike
1-2: Ground out 5-3 (Groundball, 56S)
Bottom of the 2nd over - 1 run, 1 hit, 0 errors, 0 left on base; San Diego 1 - Red Deer 1
TOP OF THE 3RD
San Diego Smashers batting - Pitching for Red Deer Wranglers : RHP Sloan Numbers
Batting: RHB Gonzalo García 0-0: Called Strike
0-1: Ball
1-1: Called Strike
1-2: SINGLE (Line Drive, 78S)
Batting: LHB Vernon Hill 0-0: Ball
Gonzalo García steals 2nd base
1-0: Ball
2-0: Foul Ball, location: 2F
2-1: Ball
3-1: Called Strike
3-2: Foul Ball, location: 2F
3-2: TRIPLE (Flyball, 9LD)
Gonzalo García scores
Batting: LHB Steven Smith 0-0: Ball
1-0: 2-RUN HOME RUN (Flyball, 9D), Distance : 340 ft
Batting: LHB Jon Rogers 0-0: Called Strike
0-1: Foul Ball, location: 2F
0-2: Foul Ball, location: 2F
0-2: Ball
1-2: Ball
2-2: Strikes out swinging
Batting: RHB Ray Rogers 0-0: Foul Ball, location: 2F
0-1: Ball
1-1: Fly out, F9 (Flyball, 9D)
Batting: LHB Richard Brooks 0-0: Called Strike
0-1: Swinging Strike
0-2: Strikes out swinging
Top of the 3rd over - 3 runs, 3 hits, 0 errors, 0 left on base; San Diego 4 - Red Deer 1
BOTTOM OF THE 3RD
Red Deer Wranglers batting - Pitching for San Diego Smashers : RHP Alberto Reyes
Batting: SHB Mathew Olson 0-0: Ball
1-0: Foul Ball, location: 2F
1-1: Called Strike
1-2: Ball
2-2: Strikes out looking
Batting: RHB Art Cameron 0-0: Called Strike
0-1: Called Strike
0-2: Strikes out looking
Batting: LHB Francisco Blanco 0-0: Fly out, F7 (Flyball, 7S)
Bottom of the 3rd over - 0 runs, 0 hits, 0 errors, 0 left on base; San Diego 4 - Red Deer 1
TOP OF THE 4TH
San Diego Smashers batting - Pitching for Red Deer Wranglers : RHP Sloan Numbers
Batting: LHB Nick Hill 0-0: Called Strike
0-1: Ball
1-1: Ball
2-1: Swinging Strike
2-2: Foul Ball, location: 2F
2-2: Ground out 6-3 (Groundball, 6)
Batting: RHB Sean Smith 0-0: Swinging Strike
0-1: Swinging Strike
0-2: Strikes out swinging
Batting: RHB Manny Torrez 0-0: Ball
1-0: Ground out 6-3 (Groundball, 6)
Top of the 4th over - 0 runs, 0 hits, 0 errors, 0 left on base; San Diego 4 - Red Deer 1
BOTTOM OF THE 4TH
Red Deer Wranglers batting - Pitching for San Diego Smashers : RHP Alberto Reyes
Batting: LHB Rubén Salazar 0-0: Ball
1-0: Called Strike
1-1: Foul Ball, location: 2F
1-2: Ball
2-2: Ball
3-2: Base on Balls
Batting: RHB Pedro Cabrera 0-0: DOUBLE (Line Drive, 89XD)
Rubén Salazar to third
Batting: LHB Jorge Olvera 0-0: Foul Ball, location: 2F
0-1: Foul Ball, location: 2F
0-2: Ball
1-2: Ball
2-2: Ball
3-2: SINGLE (Line Drive, 5D)
Rubén Salazar scores
Pedro Cabrera to third
Runner from 3rd tries for Home, SAFE, no throw
Batting: RHB Rijk de Rade 0-0: Ball
1-0: Ball
2-0: Ball
3-0: Base on Balls
Jorge Olvera to second
Batting: RHB Joe Wiggs 0-0: Foul Ball, location: 2F
0-1: Ball
1-1: SINGLE (Groundball, 4MD)
Jorge Olvera to third
Rijk de Rade to second
Batting: RHB Allen Brown 0-0: Swinging Strike
0-1: Ball
1-1: Ball
2-1: Called Strike
2-2: Ball
3-2: Foul Ball, location: 2F
3-2: Foul Ball, location: 2F
3-2: Strikes out swinging
Batting: SHB Mathew Olson 0-0: Ball
1-0: Reached on error, E3 (Groundball, 23)
Jorge Olvera scores
Rijk de Rade to third
Joe Wiggs to second
Batting: RHB Art Cameron 0-0: SINGLE (Groundball, 6MS) (infield hit)
Rijk de Rade scores
Joe Wiggs to third
Mathew Olson to second
Batting: LHB Francisco Blanco 0-0: Ball
1-0: Ball
2-0: Ball
3-0: Base on Balls
Joe Wiggs scores
Mathew Olson to third
Art Cameron to second
Pitching: RHP Andrés Franco
Batting: LHB Rubén Salazar 0-0: Ball
Wild Pitch!
Mathew Olson scores
Art Cameron to third
Francisco Blanco to second
1-0: SINGLE (Line Drive, 34)
Art Cameron scores
Francisco Blanco to third
Runner from 3rd tries for Home, SAFE, no throw
Batting: RHB Pedro Cabrera 0-0: Swinging Strike
0-1: Ball
1-1: Ball
2-1: Ball
3-1: SINGLE (Flyball, 9S)
Rubén Salazar to second
Runner from 2nd tries for 3rd, SAFE, no throw
Batting: LHB Jorge Olvera 0-0: Swinging Strike
0-1: Ball
1-1: Called Strike
1-2: Foul Ball, location: 2F
1-2: Foul Ball, location: 2F
1-2: Fly out, F7 (Flyball, 78XD)
Runner from 3rd tags up, SCORES, no throw
Batting: RHB Rijk de Rade 0-0: Ball
Pedro Cabrera steals 2nd base
1-0: Foul Ball, location: 2F
1-1: Ball
2-1: Ball
3-1: Foul Ball, location: 2F
3-2: Base on Balls
Batting: RHB Joe Wiggs 0-0: Swinging Strike
0-1: Called Strike
0-2: Foul Ball, location: 2F
0-2: Ball
1-2: Foul Ball, location: 2F
1-2: Foul Ball, location: 2F
1-2: Ball
2-2: Strikes out looking
Bottom of the 4th over - 9 runs, 6 hits, 1 error, 2 left on base; San Diego 4 - Red Deer 10
TOP OF THE 5TH
San Diego Smashers batting - Pitching for Red Deer Wranglers : RHP Sloan Numbers
Batting: RHB Gonzalo García 0-0: Called Strike
0-1: Ball
1-1: Called Strike
1-2: Foul Ball, location: 2F
1-2: Ball
2-2: Ground out 5-3 (Groundball, 5)
Batting: LHB Vernon Hill 0-0: Swinging Strike
0-1: Foul Ball, location: 2F
0-2: Ball
1-2: Strikes out swinging
Batting: LHB Steven Smith 0-0: Called Strike
0-1: Ball
1-1: SINGLE (Groundball, 4MD)
Batting: LHB Jon Rogers 0-0: Ball
1-0: Ground out U3 (Groundball, 34S)
Top of the 5th over - 0 runs, 1 hit, 0 errors, 1 left on base; San Diego 4 - Red Deer 10
BOTTOM OF THE 5TH
Red Deer Wranglers batting - Pitching for San Diego Smashers : RHP Andrés Franco
Batting: RHB Allen Brown 0-0: SINGLE (Groundball, 15) (infield hit)
Batting: SHB Mathew Olson 0-0: Ball
1-0: Swinging Strike
1-1: Foul Ball, location: 2F
1-2: SINGLE (Groundball, 4MS) (infield hit)
Allen Brown to second
Batting: RHB Art Cameron 0-0: Ball
1-0: Ball
2-0: Foul Ball, location: 2F
2-1: Foul Ball, location: 2F
2-2: Foul Ball, location: 2F
2-2: Strikes out swinging
Batting: LHB Francisco Blanco 0-0: Called Strike
0-1: Called Strike
0-2: Strikes out swinging
Batting: LHB Rubén Salazar 0-0: Called Strike
0-1: Ball
1-1: Ball
2-1: Ball
3-1: SINGLE (Groundball, 34D)
Allen Brown to third
Mathew Olson to second
Runner from 3rd tries for Home, SAFE, throw made home
Batting: RHB Pedro Cabrera 0-0: Ball
1-0: Called Strike
1-1: Ball
2-1: Foul Ball, location: 2F
2-2: Fly out, F7 (Flyball, 7D)
Bottom of the 5th over - 1 run, 3 hits, 0 errors, 2 left on base; San Diego 4 - Red Deer 11
TOP OF THE 6TH
San Diego Smashers batting - Pitching for Red Deer Wranglers : RHP Sloan Numbers
Batting: RHB Ray Rogers 0-0: Called Strike
0-1: Ball
1-1: SINGLE (Line Drive, 9S)
Batting: LHB Richard Brooks 0-0: Ball
1-0: Ball
2-0: Ball
3-0: Base on Balls
Ray Rogers to second
Batting: LHB Nick Hill 0-0: Called Strike
0-1: Grounds into double play, 6-4-3 (Groundball, 6)
Ray Rogers to third
Batting: RHB Sean Smith 0-0: Foul Ball, location: 2F
0-1: Foul Ball, location: 2F
0-2: Strikes out swinging
Top of the 6th over - 0 runs, 1 hit, 0 errors, 1 left on base; San Diego 4 - Red Deer 11
BOTTOM OF THE 6TH
Red Deer Wranglers batting - Pitching for San Diego Smashers : RHP Andrés Franco
Batting: LHB Jorge Olvera 0-0: Ball
1-0: Fly out, F1 (Line Drive, 15)
Batting: RHB Rijk de Rade 0-0: Called Strike
0-1: Ball
1-1: Foul Ball, location: 2F
1-2: SINGLE (Groundball, 6MS) (infield hit)
Pitching: LHP Alonso Parrish
Batting: RHB Joe Wiggs 0-0: Ball
1-0: Called Strike
1-1: Hit by Pitch
Rijk de Rade to second
Batting: RHB Allen Brown 0-0: Ball
1-0: Ball
2-0: Called Strike
2-1: Ball
3-1: Called Strike
3-2: Foul Ball, location: 2F
3-2: Fly out, F3 (Popup, 3L)
Batting: SHB Mathew Olson 0-0: Called Strike
0-1: Fly out, F7 (Flyball, 78D)
Bottom of the 6th over - 0 runs, 1 hit, 0 errors, 2 left on base; San Diego 4 - Red Deer 11
TOP OF THE 7TH
San Diego Smashers batting - Pitching for Red Deer Wranglers : RHP Sloan Numbers
Batting: RHB Manny Torrez 0-0: Foul Ball, location: 2F
0-1: Ball
1-1: Called Strike
1-2: Ground out 1-3 (Groundball, 13S)
Batting: RHB Gonzalo García 0-0: Ball
1-0: Foul Ball, location: 2F
1-1: Called Strike
1-2: Strikes out swinging
Batting: LHB Vernon Hill 0-0: Called Strike
0-1: Hit by Pitch
Pitching: RHP César Amaya
Batting: LHB Steven Smith 0-0: Ball
1-0: Ball
2-0: Ball
3-0: Base on Balls
Vernon Hill to second
Batting: LHB Jon Rogers 0-0: Foul Ball, location: 2F
0-1: Swinging Strike
0-2: DOUBLE (Line Drive, 8LXD)
Vernon Hill scores
Steven Smith to third
Runner from 3rd tries for Home, SAFE, no throw
Batting: RHB Ray Rogers 0-0: Foul Ball, location: 2F
0-1: Called Strike
0-2: Ball
1-2: Strikes out swinging
Top of the 7th over - 2 runs, 1 hit, 0 errors, 1 left on base; San Diego 6 - Red Deer 11
BOTTOM OF THE 7TH
Red Deer Wranglers batting - Pitching for San Diego Smashers : LHP Alonso Parrish
Batting: RHB Art Cameron 0-0: Ball
1-0: Ball
2-0: Foul Ball, location: 2F
2-1: Foul Ball, location: 2F
2-2: Ball
3-2: Fly out, F9 (Flyball, 89M)
Batting: LHB Francisco Blanco 0-0: Called Strike
0-1: Foul Ball, location: 2F
0-2: Ball
1-2: Foul Ball, location: 2F
1-2: Ball
2-2: Ground out 4-3 (Groundball, 4S)
Batting: LHB Rubén Salazar 0-0: Called Strike
0-1: Called Strike
0-2: Ball
1-2: Ball
2-2: Ball
3-2: Strikes out swinging
Bottom of the 7th over - 0 runs, 0 hits, 0 errors, 0 left on base; San Diego 6 - Red Deer 11
TOP OF THE 8TH
San Diego Smashers batting - Pitching for Red Deer Wranglers : RHP César Amaya
Now at SS: Adam Gentry
Now in CF: Valentín Reyes
Batting: LHB Richard Brooks 0-0: Ball
1-0: Foul Ball, location: 2F
1-1: Foul Ball, location: 2F
1-2: Foul Ball, location: 2F
1-2: Ball
2-2: SINGLE (Groundball, 34D)
Batting: LHB Nick Hill 0-0: Called Strike
0-1: Ball
1-1: Ball
2-1: Foul Ball, location: 2F
2-2: Fly out, F7 (Flyball, 78S)
Batting: RHB Sean Smith 0-0: Called Strike
0-1: Called Strike
0-2: Ball
1-2: Ball
2-2: Ball
3-2: Foul Ball, location: 2F
3-2: Foul Ball, location: 2F
3-2: Fielders Choice at 2nd, 5-4 (Groundball, 56)
Batting: RHB Manny Torrez 0-0: Ball
1-0: Ball
2-0: Ball
3-0: Called Strike
3-1: Base on Balls
Sean Smith to second
Batting: RHB Gonzalo García 0-0: Called Strike
0-1: Ball
1-1: Called Strike
1-2: Ball
2-2: Ball
3-2: Strikes out swinging
Top of the 8th over - 0 runs, 1 hit, 0 errors, 2 left on base; San Diego 6 - Red Deer 11
BOTTOM OF THE 8TH
Red Deer Wranglers batting - Pitching for San Diego Smashers : LHP Alonso Parrish
Batting: RHB Pedro Cabrera 0-0: SINGLE (Flyball, 89S)
Batting: LHB Jorge Olvera 0-0: Called Strike
0-1: Ball
1-1: Ball
2-1: Fly out, F3 (Line Drive, 34)
Lined into DP, U3 (Line Drive, 34)
Batting: RHB Rijk de Rade 0-0: Called Strike
0-1: Called Strike
0-2: Foul Ball, location: 2F
0-2: Ball
1-2: Ball
2-2: Foul Ball, location: 2F
2-2: Ball
3-2: Fly out, F4 (Line Drive, 4)
Bottom of the 8th over - 0 runs, 1 hit, 0 errors, 0 left on base; San Diego 6 - Red Deer 11
TOP OF THE 9TH
San Diego Smashers batting - Pitching for Red Deer Wranglers : RHP César Amaya
Batting: LHB Vernon Hill 0-0: Ground out 6-3 (Groundball, 6D)
Batting: LHB Steven Smith 0-0: Called Strike
0-1: Ball
1-1: Ball
2-1: Foul Ball, location: 2F
2-2: Ball
3-2: Base on Balls
Batting: LHB Jon Rogers 0-0: Ball
1-0: Foul Ball, location: 2F
1-1: SINGLE (Groundball, 34) (infield hit)
Steven Smith to second
Batting: RHB Ray Rogers 0-0: SINGLE (Line Drive, 78M)
Steven Smith to third
Jon Rogers to second
Pitching: RHP Carlos Ortíz
Batting: LHB Richard Brooks 0-0: Ball
1-0: Called Strike
1-1: Foul Ball, location: 2F
1-2: Ball
2-2: Grounds into double play, 6-4-3 (Groundball, 6)
Top of the 9th over - 0 runs, 2 hits, 0 errors, 2 left on base; San Diego 6 - Red Deer 11
Saturday, April 7th, 2018 - OOTP Baseball 18.8 Build 76